Map: Ascension to Aiur LE

Players

Lovecrit

  • Race: Protoss Protoss
  • Spawn Location: 5:00

HeltEn - Winner!

  • Race: Terran Terran
  • Spawn Location: 11:00

Event: WCS Jonkoping 2017

VOD

Have the link to the VOD?

Description

Time

  • Played on: June 17, 2017, 8:43 a.m.
  • Length: 10:09

All games in this series

Show
View Real Time Build Order
Export as new Build Order

Lovecrit Protoss 

Build Orders: 1 Gate Expand 

Get SALT Encoding   

  12  0:00  Probe (Chrono Boost)  
  13  0:11  Probe (Chrono Boost)  
  14  0:17  Pylon  
  14  0:22  Probe (Chrono Boost)  
  16  0:35  Probe (Chrono Boost)  
  16  0:40  Gateway  
  16  0:46  Probe (Chrono Boost)  
  16  0:49  Assimilator  
  17  0:56  Probe (Chrono Boost)  
  18  1:07  Probe (Chrono Boost)  
  19  1:18  Probe (Chrono Boost)  
  20  1:24  Nexus  
  20  1:33  Cybernetics Core  
  20  1:37  Probe (Chrono Boost)  
  21  1:42  Assimilator  
  21  1:47  Probe (Chrono Boost)  
  21  1:54  Pylon  
  22  1:58  Probe (Chrono Boost)  
  23  2:12  Mothership Core (Chrono Boost), Adept  
  27  2:20  Warp Gate (Chrono Boost)  
  26  2:30  Probe (Chrono Boost)  
  26  2:35  Probe (Chrono Boost)  
  28  2:40  Robotics Facility  
  28  2:41  Probe  
  29  2:45  Probe  
  30  2:53  Probe  
  30  2:55  Probe  
  32  3:05  Probe  
  33  3:06  Probe  
  33  3:08  Gateway  
  33  3:10  Gateway  
  34  3:16  Probe  
  34  3:17  Probe  
  36  3:25  Observer (Chrono Boost)  
  36  3:26  Pylon  
  36  3:28  Probe  
  36  3:29  Probe  
  39  3:40  Probe, Robotics Bay  
  40  3:41  Probe  
  40  3:45  Observer, Pylon  
  42  3:53  Probe x2 (Chrono Boost), Assimilator  
  44  4:05  Probe (Chrono Boost)  
  44  4:06  Probe (Chrono Boost)  
  46  4:10  Stalker x2  
  46  4:11  Stalker  
  46  4:14  Warp Prism  
  46  4:16  Probe (Chrono Boost)  
  54  4:18  Probe (Chrono Boost)  
  56  4:27  Probe (Chrono Boost)  
  56  4:31  Probe (Chrono Boost)  
  54  4:48  Disruptor  
  49  4:56  Probe (Chrono Boost)  
  49  4:57  Probe (Chrono Boost)  
  49  4:59  Assimilator  
  54  5:00  Pylon  
  54  5:03  Twilight Council  
  54  5:04  Forge, Gravitic Drive (Chrono Boost)  
  54  5:07  Probe  
  54  5:08  Probe  
  56  5:14  Sentry  
  56  5:19  Probe  
  56  5:20  Probe  
  60  5:29  Adept x2  
  60  5:31  Probe  
  60  5:32  Probe  
  60  5:34  Disruptor  
  67  5:37  Protoss Ground Weapons Level 1  
  67  5:41  Nexus  
  69  5:43  Probe  
  69  5:46  Resonating Glaives (Chrono Boost)  
  70  6:15  Gateway  
  70  6:18  Pylon, Gateway  
  70  6:19  Pylon  
  70  6:28  Probe  
  70  6:30  Probe  
  70  6:35  Pylon  
  70  6:37  Immortal  
  70  6:40  Adept  
  70  6:41  Probe, Adept  
  70  6:42  Probe  
  74  6:51  Pylon  
  73  6:54  Probe  
  74  7:03  Adept x2  
  74  7:04  Adept  
  80  7:18  Adept  
  80  7:19  Adept  
  84  7:31  Sentry  
  84  7:32  Protoss Ground Weapons Level 2 (Chrono Boost)  
  86  7:38  Forge  
  86  7:39  Nexus  
  86  7:40  Pylon  
  86  7:41  Pylon  
  86  7:43  Pylon  
  86  7:44  Pylon  
  88  7:58  Probe x2  
  88  8:00  Adept  
  88  8:04  Warp Prism  
  86  8:07  Sentry  
  86  8:08  Sentry x2  
  92  8:22  Pylon  
  92  8:28  Gateway  
  92  8:31  Gateway  
  92  8:33  Gateway  
  90  8:40  Probe x2  
  90  8:41  Immortal  
  96  8:50  Probe  
  96  8:52  Probe  
  96  8:53  Probe  
  99  8:59  Templar Archives  
  99  9:01  Probe  
  100  9:04  Adept x3  
  100  9:05  Probe x2  
  108  9:11  Probe  
  108  9:17  Probe  
  107  9:35  Adept x5  
  114  9:48  Pylon  
Show
View Real Time Build Order
Export as new Build Order

HeltEn Terran - Winner!

Build Orders: Liberator Opening, Reaper Expand, MMM Bio 

Get SALT Encoding   

  12  0:00  SCV  
  13  0:12  SCV  
  14  0:17  Supply Depot  
  14  0:24  SCV  
  15  0:29  Refinery  
  15  0:39  SCV  
  16  0:44  Barracks  
  16  0:51  SCV  
  17  1:03  SCV  
  18  1:15  SCV  
  19  1:31  Orbital Command, Reaper  
  20  1:45  Command Center  
  20  1:59  Factory  
  20  2:00  SCV  
  21  2:06  Barracks Reactor  
  21  2:11  Refinery  
  21  2:12  SCV  
  22  2:18  Supply Depot  
  22  2:29  SCV  
  23  2:41  SCV, Marine  
  23  2:42  Marine  
  23  2:43  Starport  
  26  2:47  Widow Mine  
  28  2:53  SCV  
  29  2:59  Orbital Command  
  29  3:02  Marine  
  29  3:04  Marine  
  31  3:10  SCV  
  32  3:18  Widow Mine  
  32  3:19  Medivac  
  35  3:21  Marine  
  35  3:22  Marine  
  35  3:27  SCV x2  
  38  3:34  Barracks  
  39  3:39  SCV  
  39  3:40  SCV  
  39  3:41  Marine  
  42  3:42  Marine  
  42  3:48  Supply Depot  
  43  3:49  Factory Tech Lab  
  43  3:51  SCV  
  43  3:52  Liberator  
  44  3:57  SCV  
  44  4:01  Marine  
  46  4:09  Marine, Engineering Bay  
  50  4:12  Siege Tank  
  50  4:15  SCV  
  54  4:23  Supply Depot  
  54  4:30  Barracks Tech Lab  
  54  4:33  SCV  
  55  4:39  SCV  
  55  4:45  SCV  
  55  4:48  Marine x2  
  55  4:51  Stimpack, Marine  
  58  4:53  SCV  
  58  4:54  Starport Reactor  
  58  4:57  SCV  
  58  4:58  Siege Tank  
  61  5:05  Supply Depot  
  61  5:11  SCV  
  62  5:14  Marine, Command Center  
  62  5:15  Marine  
  62  5:17  Marine  
  65  5:21  SCV  
  65  5:23  SCV  
  67  5:30  Terran Infantry Weapons Level 1  
  67  5:33  SCV, Barracks  
  68  5:37  Marine x2  
  70  5:44  Marauder  
  70  5:45  SCV x2  
  70  5:48  Refinery  
  70  5:49  Refinery  
  74  5:57  SCV  
  74  6:00  Marine  
  74  6:03  Supply Depot  
  70  6:04  Supply Depot  
  70  6:08  SCV  
  70  6:09  SCV  
  70  6:10  Marine  
  73  6:15  Marauder  
  75  6:20  SCV  
  75  6:21  SCV  
  75  6:24  Medivac  
  78  6:29  Medivac  
  78  6:32  Barracks Tech Lab  
  80  6:33  SCV x2  
  80  6:39  Marine  
  83  6:42  Marine  
  83  6:44  Siege Tank  
  83  6:45  Marauder  
  84  6:55  Medivac  
  84  6:56  SCV  
  84  6:57  SCV  
  84  6:59  Medivac  
  84  7:02  Marine x2  
  84  7:03  Marauder  
  88  7:11  Orbital Command  
  88  7:20  Marauder  
  88  7:21  SCV x2  
  92  7:24  Combat Shields  
  92  7:25  Concussive Shells  
  92  7:27  Marine x2  
  94  7:31  Terran Infantry Armor Level 1  
  94  7:35  Liberator x2  
  94  7:36  Factory Reactor  
  94  7:40  Marauder, Orbital Command  
  94  7:42  SCV  
  94  7:43  SCV  
  98  7:44  Barracks  
  98  7:53  Marine  
  98  7:54  Marine x2  
  101  8:04  Barracks  
  101  8:05  SCV x2  
  103  8:12  SCV  
  104  8:16  Supply Depot  
  104  8:17  Marine x2, Starport, SCV, Supply Depot  
  106  8:22  Marauder  
  106  8:26  SCV  
  109  8:31  Widow Mine, Supply Depot  
  109  8:32  Marauder x2  
  115  8:40  Supply Depot  
  115  8:46  Marauder, Marine x2  
  117  8:50  Medivac x2  
  117  8:53  Marauder, Marine, SCV x2  
  117  8:55  Marine  
  126  8:57  SCV  
  127  9:03  Marine  
  131  9:14  Marauder x2, Marine  
  136  9:19  Marine  
  136  9:20  Marauder  
  135  9:34  Marine x2  
  135  9:36  Marauder x2  
  141  9:42  Marauder, Marine  
Tags
 
Add a new tag
Caveats
  • Supply blocks, unpowered buildings, or Contaminate may cause inaccurate times.
  • Supply counts are checked every 10 seconds.